 Dungeon Crawl Stone Soup version 0.29.1-15-g9cfb28693d (webtiles) character file.

Game seed: 1751840337571846337

7 nightchill the Caller (level 2, -2/16 HPs)
             Began as a Tengu Summoner on Apr 3, 2023.
             Slain by a hobgoblin (3 damage)
             ... on level 1 of the Dungeon.
             The game lasted 00:01:10 (340 turns).

nightchill the Caller (Tengu Summoner)               Turns: 340, Time: 00:01:11

Health: -2/16      AC:  2    Str:  8    XL:     2   Next: 0%
Magic:  4/6        EV: 12    Int: 15    God:
Gold:   39         SH:  0    Dex: 14    Spells: 4/5 levels left

rFire   . . .      SeeInvis .   w - +0 dagger
rCold   . . .      Faith    .   (no shield)
rNeg    . . .      Spirit   .   a - +0 robe
rPois   .          Reflect  .   (helmet restricted)
rElec   .          Harm     .   (no cloak)
rCorr   .          Rampage  .   (no gloves)
Will    .....                   (boots unavailable)
Stlth   ++........              (no amulet)
HPRegen 0.05/turn               (no ring)
MPRegen 0.10/turn               (no ring)

@: no status effects
A: beak, talons 3
a: no special abilities


You were on level 1 of the Dungeon.
You visited 1 branch of the dungeon, and saw 1 of its levels.

You collected 39 gold pieces.

Inventory:

Hand Weapons
 w - a +0 dagger (weapon)
Armour
 a - a +0 robe (worn)
Scrolls
 d - a scroll of identify {unknown}
Potions
 b - a potion of magic
 c - a potion of might {unknown}


   Skills:
 + Level 0.3 Fighting
 - Level 2.1 Dodging
 * Level 2.2 Stealth
 + Level 2.0 Spellcasting
 * Level 5.0 Summonings


You had 4 spell levels left.
You knew the following spells:

 Your Spells              Type           Power      Damage    Failure   Level
a - Summon Small Mammal   Summ           64%        N/A       2%          1

Your spell library contained the following spells:

 Spells                   Type           Power      Damage    Failure   Level
 Call Imp                 Summ           16%        N/A       4%          2
 Call Canine Familiar     Summ           16%        N/A       9%          3
 Summon Guardian Golem    Hex/Summ       9%         N/A       24%         3
 Summon Lightning Spire   Summ/Air       9%         N/A       61%         4


Dungeon Overview and Level Annotations

Branches:
Dungeon (1/15)

Altars:


Innate Abilities, Weirdness & Mutations

You have a beak for a mouth.
You have claws for feet.


Message History

You hit the hobgoblin.
You kill the hobgoblin!
Your quokka bites the hobgoblin.
The hobgoblin barely misses your quokka.
Your quokka bites the hobgoblin.
Your Summonings skill increases to level 5!
You have reached level 2!
The hobgoblin hits your quokka but does no damage.
Your quokka barely misses the hobgoblin.
You see here a hobgoblin corpse.
You swap places.
The hobgoblin hits you.
* * * LOW HITPOINT WARNING * * *
The hobgoblin attacks as you move away! The hobgoblin barely misses you.
Your quokka closely misses the hobgoblin.
You see here a hobgoblin corpse.
Casting: Summon Small Mammal (safe; 2% risk of failure)
Confirm with . or Enter, or press ? or * to list all spells.
Your quokka closely misses the hobgoblin.
The hobgoblin hits you.
* * * LOW HITPOINT WARNING * * *
Your quokka closely misses the hobgoblin.
Your quokka barely misses the hobgoblin.
The hobgoblin attacks as you move away! The hobgoblin closely misses you.
Your rat closely misses the hobgoblin.
The hobgoblin attacks as you move away! The hobgoblin hits you.
* * * LOW HITPOINT WARNING * * *
The hobgoblin attacks as you move away! The hobgoblin barely misses you.
Your quokka misses the hobgoblin. The hobgoblin attacks as you move away!
The hobgoblin closely misses you. The hobgoblin attacks as you move away!
The hobgoblin closely misses you.
You hit the hobgoblin. Your kick misses the hobgoblin.
You peck the hobgoblin, but do no damage.
The hobgoblin is heavily wounded.
Your quokka closely misses the hobgoblin.
The hobgoblin barely misses you.
You hit the hobgoblin.
The hobgoblin is severely wounded.
Your quokka closely misses the hobgoblin.
The hobgoblin hits you.
You die...

#.... #.#### #....###....##
.. #....#.......### #.#
#..............# #.# .
#............#.# #.# # .
#.........[..#.# #.#.#
#..........#.####.#.#
###....†.....#r.....#.#
.......##.....rg@.....#####
......)##.########.........
.....).##.....# ##.#######
...##########.# #..## ...
##..## ### ##..#######
##.......####
.................#
#.....)..........#


You could see a hobgoblin (ally target), a friendly quokka (summoned) and a
friendly rat (summoned).

Vanquished Creatures
  A giant cockroach (D:1)
  A hobgoblin (D:1)
  2 bats (D:1)
  A kobold (D:1)
  A rat (D:1)
6 creatures vanquished.

Vanquished Creatures (collateral kills)
  A quokka (D:1)
1 creature vanquished.

Grand Total: 7 creatures vanquished

Notes
Turn   | Place    | Note
-------+----------+-------------------------------------------
     0 | D:1      | nightchill the Tengu Summoner began the quest for the Orb.
     0 | D:1      | Reached XP level 1. HP: 10/10 MP: 4/4
   326 | D:1      | Reached skill level 5 in Summonings
   326 | D:1      | Reached XP level 2. HP: 9/16 MP: 3/6
   340 | D:1      | Slain by a hobgoblin

Illustrated notes

Levels and vault maps discovered:
D:1:      tarquinn_simple_flora_water_a, layout_basic

Skill      XL: |  1 |
---------------+----+-----
Summonings     | 5 |  5.0
Fighting       | |  0.3
Dodging        | |  2.1
Stealth        | |  2.2
Spellcasting   | |  2.0

Action                   || total
-------------------------++-------
Melee: Unarmed           ||    16
       Dagger            ||     7
       Kick              ||     5
       Peck              ||     5
 Cast: Summon Small Mamm ||     6
 Stab: Sleeping          ||     2
Armor: Robe              ||    10
Dodge: Dodged            ||    28
